 Dungeon Crawl Stone Soup version 0.28-a0-925-gd5e1996cdb (webtiles) character file.

Game seed: 12501741151276000320

13 Anon1729 the Chopper (level 2, 0/27 HPs)
             Began as a Minotaur Monk on Nov 26, 2021.
             Slain by a quokka (1 damage)
             ... on level 1 of the Dungeon.
             The game lasted 00:00:48 (145 turns).

Anon1729 the Chopper (Minotaur Monk)                 Turns: 145, Time: 00:00:49

Health: 0/27       AC:  2    Str: 15    XL:     2   Next: 24%
Magic:  1/1        EV: 13    Int:  7    God:
Gold:   0          SH:  0    Dex: 12    Spells: 1/1 levels left

rFire   . . .      SeeInvis .   a - +0 hand axe
rCold   . . .      Faith    .   (no shield)
rNeg    . . .      Spirit   .   b - +0 robe
rPois   .          Reflect  .   (helmet restricted)
rElec   .          Harm     .   (no cloak)
rCorr   .          Rampage  .   (no gloves)
Will    .....                   (no boots)
Stlth   ++........              (no amulet)
HPRegen 0.09/turn               (no ring)
MPRegen 0.07/turn               (no ring)

@: no status effects
A: horns 2, retaliatory headbutt
a: no special abilities


You were on level 1 of the Dungeon.
You visited 1 branch of the dungeon, and saw 1 of its levels.

Inventory:

Hand Weapons
 a - a +0 hand axe (weapon)
Armour
 b - a +0 robe (worn)
Scrolls
 e - a scroll of identify {unknown}
Potions
 c - a potion of flight {unknown}
 d - a potion of curing {unknown}
 f - a potion of heal wounds {unknown}


   Skills:
 + Level 3.8 Fighting
 * Level 4.0 Axes
 * Level 1.0 Armour
 + Level 3.4 Dodging
 - Level 1.6 Stealth


You had one spell level left.
You didn't know any spells.
Your spell library was empty.

Dungeon Overview and Level Annotations

Branches:
Dungeon (1/15)

Altars:


Innate Abilities, Weirdness & Mutations

You have a pair of horns on your head.
You reflexively headbutt those who attack you in melee.


Message History

The frilled lizard hisses.
The ball python bites you. The ball python closely misses you.
The ball python barely misses you. The ball python grabs you.
The ball python constricts you. The ball python barely misses you.
You furiously retaliate!
You headbutt the ball python!
You kill the ball python!
A hobgoblin comes into view.
The hobgoblin shouts!
There is an escape hatch in the floor here.
You hit the frilled lizard but do no damage.
The frilled lizard bites you but does no damage.
The hobgoblin misses you.
A rat comes into view.
You completely miss the frilled lizard. The frilled lizard closely misses you.
You furiously retaliate!
You headbutt the frilled lizard.
You kill the frilled lizard!
Your Axes skill increases to level 4!
You barely miss the rat. The rat barely misses you. You furiously retaliate!
You headbutt the rat!
You kill the rat!
The hobgoblin hits you.
A quokka comes into view.
The gnoll hits you from afar with a +0 spear.
* * * LOW HITPOINT WARNING * * *
You open the door. The hobgoblin barely misses you.
The quokka barely misses you.
The gnoll hits you from afar with a +0 spear.
* * * LOW HITPOINT WARNING * * *
The gnoll barely misses you.
There is an open door here.
The quokka bites you.
* * * LOW HITPOINT WARNING * * *
An endoplasm comes into view.
The helpless endoplasm fails to defend itself.
You hit the endoplasm.
The endoplasm is severely wounded.
You hit the quokka. The endoplasm hits you.
* * * LOW HITPOINT WARNING * * *
The quokka bites you.
You die...

######### ... #.J......
#..# #.# #@### ... #.#
#.r.# #.# ###.# ###g#
##.#######.#.#####'##
...........#.##..g..#
##...........##.....#
...†.........##.....#####
##......................#
#....>.....####........#


You could see an endoplasm, a quokka and a hobgoblin.

Vanquished Creatures
  2 ball pythons (D:1)
  An endoplasm (D:1)
  2 hobgoblins (D:1)
  2 kobolds (D:1)
  A quokka (D:1)
  A bat (D:1)
  2 frilled lizards (D:1)
  A rat (D:1)
12 creatures vanquished.

Notes
Turn   | Place    | Note
-------+----------+-------------------------------------------
     0 | D:1      | Anon1729 the Minotaur Monk began the quest for the Orb.
     0 | D:1      | Reached XP level 1. HP: 19/19 MP: 0/0
    78 | D:1      | Reached XP level 2. HP: 10/27 MP: 1/1
   105 | D:1      | Reached skill level 1 in Armour
   132 | D:1      | Reached skill level 4 in Axes
   145 | D:1      | HP: 1/27 [endoplasm (3)]
   145 | D:1      | Slain by a quokka

Illustrated notes

Levels and vault maps discovered:
D:1:      nicolae_arrival_washed_ashore, layout_basic, minmay_3d_cube

Skill      XL: |  1  2 |
---------------+-------+-----
Armour         | 1 |  1.0
Axes           | 4 |  4.0
Fighting       | |  3.8
Dodging        | |  3.4
Stealth        | |  1.6

Action                   || total
-------------------------++-------
Melee: Hand axe          ||    18
       Headbutt          ||     2
 Stab: Sleeping          ||     1
Armor: Robe              ||     6
Dodge: Dodged            ||    23

Table legend: (Time is in decaauts)
 A = Elapsed time spent in this place.
 B = Non-inter-level travel time spent in this place.
 C = Inter-level travel time spent in this place.
 D = Time resting spent in this place.
 E = Time spent auto-exploring this place.
 F = Levels seen in this place.
 G = Mean time per level.
                   A        B        C        D        E       F      G
               +--------+--------+--------+--------+--------+-----+--------+
         Total |    146 |    146 |      0 |      0 |     36 |   1 |  146.0 |
       Dungeon |    146 |    146 |      0 |      0 |     36 |   1 |  146.0 |
               +--------+--------+--------+--------+--------+-----+--------+

Top non-repeatable levels by time:
     D:1: 146 daAuts
